 Dungeon Crawl Stone Soup version 0.27.1-3-gb3d3a73c9e (webtiles) character file.

Game seed: 2317527928898298689

919 Urokeeper the Sneak (level 8, -8/61 HPs)
             Began as a Human Brigand on Oct 5, 2021.
             Killed from afar by a gargoyle (18 damage)
             ... with a stone arrow
             ... on level 6 of the Dungeon.
             The game lasted 00:23:31 (6817 turns).

Urokeeper the Sneak (Human Brigand)                 Turns: 6817, Time: 00:23:32

Health: -8/61      AC:  8    Str: 13    XL:     8   Next: 31%
Magic:  0/8        EV: 11    Int: 13    God:
Gold:   261        SH:  0    Dex: 14    Spells: 7/7 levels left

rFire    x . .     SeeInvis .   t - +1 rapier (elec)
rCold    + . .     Faith    .   (no shield)
rNeg     . . .     Spirit   +   f - +0 ring mail
rPois    .         Reflect  .   (no helmet)
rElec    .         Harm     .   c - +0 cloak
rCorr    .         Rampage  .   (no gloves)
Will     .....                  u - +0 pair of boots
Stlth    +++.......             j - amulet of guardian spirit
HPRegen  0.20/turn              v - ring of ice
MPRegen  0.11/turn              (no ring)

@: mighty
A: no striking features
a: no special abilities


You were on level 6 of the Dungeon.
You visited 1 branch of the dungeon, and saw 5 of its levels.

You collected 261 gold pieces.

Inventory:

Hand Weapons
 a - a +2 dagger
 n - a +1 dagger of draining
 t - a +1 rapier of electrocution (weapon)
Missiles
 d - 12 poisoned darts (quivered)
 s - 2 throwing nets
Armour
 b - a +0 robe
 c - a +0 cloak (worn)
 f - a +0 ring mail (worn)
 u - a +0 pair of boots (worn)
Jewellery
 j - an amulet of guardian spirit (around neck)
 v - a ring of ice (left hand)
Scrolls
 e - a scroll of acquirement {unknown}
 g - 2 scrolls of teleportation
 m - 2 scrolls of identify {unknown}
 r - a scroll of amnesia {unknown}
Potions
 h - a potion of invisibility {unknown}
 k - a potion of ambrosia {unknown}
 l - 2 potions of curing
 o - a potion of heal wounds {unknown}
 p - 2 potions of haste {unknown}
 q - a potion of berserk rage {unknown}


   Skills:
 * Level 4.9 Fighting
 * Level 4.8 Short Blades
 - Level 2.0 Throwing
 + Level 3.9 Armour
 + Level 1.8 Dodging
 + Level 6.1 Stealth


You had 7 spell levels left.
You didn't know any spells.
Your spell library contained the following spells:

 Spells                   Type           Power      Damage    Failure   Level
 Blink                    Tloc           N/A        N/A       67%         2
 Call Canine Familiar     Summ           0%         N/A       88%         3
 Gell's Gravitas          Tloc           0%         N/A       88%         3
 Lesser Beckoning         Tloc           0%         N/A       88%         3
 Portal Projectile        Hex/Tloc       0%         N/A       88%         3
 Teleport Other           Tloc           0%         N/A       88%         3
 Leda's Liquefaction      Hex/Erth       0%         N/A       99%         4
 Manifold Assault         Tloc           0%         N/A       100%        5
 Malign Gateway           Summ/Tloc      0%         N/A       100%        7
 Summon Horrible Things   Summ           0%         N/A       100%        8


Dungeon Overview and Level Annotations

Branches:
Dungeon (4/15)
 Temple: D:4-7

Altars:
Vehumet


Message History

There is an open door here.
Found 5 gold pieces.
m - 2 scrolls labelled KAH YGROUXISM (gained 1)
Found a red potion.
You now have 261 gold pieces (gained 5).
Found 16 stones.
p - 2 red potions (gained 1)
A gargoyle comes into view. It is wielding a +0 mace.
There is an open door here.
The gargoyle hurls a stone arrow at you.
The stone arrow hits you!!
There is a stone staircase leading up here.
You feel very mighty all of a sudden. The gargoyle closely misses you.
You hit the gargoyle but do no damage. The gargoyle hits you with a +0 mace.
You hit the gargoyle but do no damage. The gargoyle hits you with a +0 mace.
You hit the gargoyle.
The gargoyle is lightly damaged.
The gargoyle hurls a stone arrow at you.
The stone arrow hits you!
You hit the gargoyle but do no damage.
The gargoyle is lightly damaged.
The gargoyle hits you with a +0 mace.
You hit the gargoyle.
The gargoyle is moderately damaged.
The gargoyle hits you with a +0 mace!
* * * LOW HITPOINT WARNING * * *
You hit the gargoyle.
The gargoyle is heavily damaged.
The gargoyle hits you with a +0 mace.
* * * LOW HITPOINT WARNING * * *
You hit the gargoyle but do no damage.
The gargoyle is heavily damaged.
The gargoyle hurls a stone arrow at you.
The stone arrow misses you.
You puncture the gargoyle!
The gargoyle is severely damaged.
The gargoyle hurls a stone arrow at you.
The stone arrow hits you!!
You die...

#....#...#..#.
#....#...#..#.
#####....#'#######
#.................
+.................
#.................
#...............>.
#.................
#@9.....##+##.....
#.......#...'.....
...##+###...#.....
....#
.......#.....
#....#
.......#.....
#....#
.......#.....
#....#
.......#.....
.....#
.......#.....
..##...#.....


You could see a gargoyle.

Vanquished Creatures
  An ogre (D:4)
  A gnoll sergeant (D:3)
  A scorpion (D:4)
  2 howler monkeys (D:3)
  Crazy Yiuf (D:2)
  2 hounds
  2 gnoll shamans (D:3)
  2 orc priests
  3 orc wizards
  22 gnolls
  2 adders (D:2)
  2 dart slugs (D:1)
  20 orcs
  4 bats
  6 endoplasms
  A giant cockroach (D:4)
  4 goblins
  7 hobgoblins
  19 jackals
  3 quokkas
  4 ball pythons
  4 frilled lizards
  10 kobolds
  3 rats
126 creatures vanquished.

Vanquished Creatures (others)
  4 plants (D:3)
4 creatures vanquished.

Grand Total: 130 creatures vanquished

Notes
Turn   | Place    | Note
-------+----------+-------------------------------------------
     0 | D:1      | Urokeeper the Human Brigand began the quest for the Orb.
     0 | D:1      | Reached XP level 1. HP: 16/16 MP: 1/1
   423 | D:1      | Reached XP level 2. HP: 19/22 MP: 2/2
  1166 | D:1      | Found a faded altar of an unknown god.
  1250 | D:2      | Reached skill level 1 in Armour
  1256 | D:1      | Reached XP level 3. HP: 25/27 MP: 3/3
  1388 | D:1      | Reached XP level 4. HP: 31/34 MP: 2/4
  1589 | D:2      | Found a runed translucent door.
  1590 | D:2      | Noticed Crazy Yiuf
  1600 | D:2      | Killed Crazy Yiuf
  1671 | D:2      | Reached XP level 5. HP: 31/40 MP: 3/5
  2131 | D:3      | Found a radiant altar of Vehumet.
  2938 | D:3      | Reached skill level 5 in Stealth
  2938 | D:3      | Reached XP level 6. HP: 32/47 MP: 4/6
  4207 | D:3      | Reached XP level 7. HP: 38/53 MP: 3/7
  5854 | D:4      | Reached XP level 8. HP: 37/61 MP: 4/8
  6337 | D:4      | Reached skill level 6 in Stealth
  6570 | D:4      | You fall into a shaft and drop 2 floors!
  6781 | D:6      | Noticed a gargoyle
  6817 | D:6      | Killed from afar by a gargoyle

Illustrated notes

Levels and vault maps discovered:
D:1:      lightli_arrival_quake, layout_basic,
          dilly_ecumenical_altar_fadedgnrine, minmay_hedge_maze
D:2:      layout_rooms, kennysheep_cross_room, uniq_crazy_yiuf_cottage
D:3:      lemuel_castle_with_subvaults [lemuel_castle_interior_carwin_3],
          layout_loops_corners, overflow_temple_1_default, minmay_statues_item
D:4:      layout_basic, serial_co_window_serial, co_window_paths_a,
          co_window_paths_a, co_window_paths_a, co_window_paths_a,
          co_window_corner_a, co_window_of_opportunity_a, co_window_paths_b,
          co_window_of_opportunity_a, co_window_paths_a, co_window_corner_b,
          co_window_corner_ca, co_window_2corner, co_window_unsneaky_path_c,
          glass_columns_a, glass_columns_b, glass_columns_c
D:6:      layout_gridville, old_standard_altar, lemuel_temple_firewalk_b

Skill      XL: |  1  2  3  4  5  6  7  8 |
---------------+-------------------------+-----
Armour         | 1 2 3 |  3.9
Fighting       | 3 4 |  4.9
Short Blades   | 3 4 |  4.8
Stealth        | 5 6 |  6.1
Throwing       | |  2.0
Dodging        | |  1.8

Action                   |  1- 3 |  4- 6 |  7- 9 || total
-------------------------+-------+-------+-------++-------
Melee: Dagger            |    82 |   220 |    69 ||   371
       Rapier            |       |       |    98 ||    98
Throw: Dart              |       |     8 |    18 ||    26
  Use: Scroll            |       |     2 |       ||     2
       Potion            |       |       |     3 ||     3
 Stab: Sleeping          |     4 |     2 |     2 ||     8
       Distracted        |       |     1 |       ||     1
Armor: Robe              |     4 |       |       ||     4
       Ring mail         |    22 |    50 |    40 ||   112
Dodge: Dodged            |    44 |    86 |    65 ||   195
